 Dungeon Crawl Stone Soup version 0.25-a0-398-g1920f1ac21 (console) character file.

Game seed: 12080827875376533932, levelgen mode: deterministic

276 Kagalorn the Covert (level 6, -1/51 HPs)
             Began as a Naga Arcane Marksman on Jan 8, 2020.
             Slain by a hound (2 damage)
             ... on level 4 of the Dungeon.
             The game lasted 00:10:47 (3816 turns).

Kagalorn the Covert (Naga Arcane Marksman)          Turns: 3816, Time: 00:10:48

Health: -1/51      AC:  9    Str: 11 (14) XL:     6   Next: 25%
Magic:  7/7        EV: 13    Int: 16 (19) God:
Gold:   217        SH:  0    Dex: 13 (16) Spells: 6/7 levels left

rFire    + . .     SeeInvis +   a - +0 shortbow
rCold    + . .     Gourm    .   (shield currently unavailable)
rNeg     . . .     Faith    .   u - +0 robe (curse)
rPois    +         Spirit   .   (helmet restricted)
rElec    +         Reflect  .   o - +0 cloak
rCorr    +         Harm     .   t - +0 pair of gloves
MR       .....                  m - +0 naga barding
Stlth    +++++.....             (no amulet)
HPRegen  0.17/turn              (no ring)
MPRegen  0.10/turn              (no ring)

@: brilliant, agile, resistant, very slow
A: large, horns 1, stinger 1, see invisible, deformed body, poison resistance,
slowness 2, slow metabolism 1, spit poison 1, wild magic 1, no potion heal 1, AC
+2
a: Spit Poison


You were on level 4 of the Dungeon.
You were not hungry.

You visited 2 branches of the dungeon, and saw 5 of its levels.

You collected 217 gold pieces.

Inventory:

Hand Weapons
 a - a +0 shortbow (weapon)
 b - a +0 spear
 e - a +0 mace of holy wrath
 n - a +0 hand axe
Missiles
 d - 76 arrows (quivered)
Armour
 g - a +0 plate armour
 m - a +0 naga barding (worn)
 o - a +0 cloak (worn)
 t - a +0 pair of gloves (worn)
 u - a cursed +0 robe (worn)
 x - a +0 chain mail
Scrolls
 l - 3 scrolls of identify {unknown}
 p - a scroll of teleportation {unknown}
 q - 2 scrolls of remove curse {unknown}
 s - a scroll of enchant armour {unknown}
 v - 2 scrolls of amnesia {unknown}
Potions
 w - a potion of cancellation
Comestibles
 f - 14 rations
 z - a chunk of flesh


   Skills:
 - Level 1.0 Fighting
 - Level 1.7 Bows
 - Level 1.5 Dodging
 * Level 9.4 Stealth
 - Level 1.0 Spellcasting
 - Level 3.0 Hexes


You had 6 spell levels left.
You knew the following spells:

 Your Spells              Type           Power        Failure   Level  Hunger
a - Corona                Hex            ####...      1%          1    ##.....

Your spell library contained the following spells:

 Spells                   Type           Power        Failure   Level  Hunger
 Slow                     Hex            ####....     1%          2    ###....
 Inner Flame              Hex/Fire       ###.....     6%          3    ####...
 Portal Projectile        Hex/Tloc       ###...       6%          3    ####...
 Cause Fear               Hex            ####......   10%         4    #####..
 Leda's Liquefaction      Hex/Erth       ###.......   16%         4    #####..


Dungeon Overview and Level Annotations

Branches:
Dungeon (4/15)             Temple (1/1) D:4

Altars:
Ashenzari
Cheibriados
Dithmenos
Elyvilon
Fedhas
Gozag
Kikubaaqudgha
Makhleb
Nemelex Xobeh
Qazlal
Sif Muna
Uskayaw
Vehumet
Xom
Yredelemnul
Zin
The Shining One

Annotations:
D:4 exclusion: ogre


Innate Abilities, Weirdness & Mutations

You cannot wear boots.
Your serpentine skin is tough. (AC +2)
You have supernaturally acute eyesight. (SInv)
Armour fits poorly on your strangely shaped body.
Your system is resistant to poisons. (rPois)
You cover ground very slowly.
You have a slow metabolism.
You can spit poison.
You have a pair of small horns on your head.
Your tail ends in a poisonous barb.
Your spells are a little harder to cast, but a little more powerful.
Potions are less effective at restoring your health.


Message History

* * * LOW HITPOINT WARNING * * *
Firing (i - inventory)
d - 79 arrows (quivered)
Press: ? - help, Shift-Dir - straight line, f/p - hound
Aim: a hound (moderately wounded)
You shoot an arrow. The arrow barely misses the hound.
The hound closely misses you. The hound bites you.
* * * LOW HITPOINT WARNING * * *
Firing (i - inventory)
d - 78 arrows (quivered)
Press: ? - help, Shift-Dir - straight line, f/p - hound
Aim: a hound (moderately wounded)
You shoot an arrow. The arrow hits the hound.
The hound is heavily wounded.
The hound bites you but does no damage.
Firing (i - inventory)
d - 77 arrows (quivered)
Press: ? - help, Shift-Dir - straight line, f/p - hound
Aim: a hound (heavily wounded)
You shoot an arrow. The arrow hits the hound.
The hound is heavily wounded.
The hound bites you but does no damage. The hound bites you.
You die...

....... #....
#....(.. #.###
#.... #.# # #...(
#.### #.#.##
#.... ....# ##.⌠.
#.)# #...
#.)###### ####
#...@h(.# #
#..####.# #
#######..# #.# #
.........# #.# #
########.# ##.##
# ######.###...#
#
.........##...###
#
#######.........#
# #.........# #


You could see a hound.

Vanquished Creatures
  A hound (D:4)
  An orc wizard (D:4)
  A gnoll shaman (D:4)
  3 gnolls
  8 adders
  2 worms
  5 dart slugs
  3 leopard geckos
  3 orcs (D:4)
  2 ball pythons
  2 giant cockroaches
  7 goblins
  6 hobgoblins
  7 jackals (D:2)
  2 quokkas (D:4)
  6 bats
  6 frilled lizards
  3 kobolds
  4 rats
72 creatures vanquished.

Notes
Turn   | Place    | Note
-------+----------+-------------------------------------------
     0 | D:1      | Kagalorn the Naga Arcane Marksman began the quest for the
                  | Orb.
     0 | D:1      | Reached XP level 1. HP: 18/18 MP: 2/2
   117 | D:1      | Reached skill level 1 in Stealth
   162 | D:1      | Reached skill level 2 in Stealth
   187 | D:1      | Reached XP level 2. HP: 9/25 MP: 3/3
   434 | D:1      | Reached skill level 3 in Stealth
   524 | D:1      | Reached skill level 4 in Stealth
   739 | D:1      | Reached XP level 3. HP: 31/31 MP: 4/4
  1239 | D:2      | Reached skill level 5 in Stealth
  1585 | D:2      | Reached XP level 4. HP: 36/38 MP: 5/5
  1685 | D:2      | Reached skill level 6 in Stealth
  2173 | D:3      | Reached skill level 7 in Stealth
  2227 | D:3      | Reached XP level 5. HP: 41/44 MP: 6/6
  2410 | D:3      | Found a shimmering blue altar of Sif Muna.
  3141 | D:4      | Reached skill level 8 in Stealth
  3430 | D:4      | Found a staircase to the Ecumenical Temple.
  3437 | Temple   | Entered the Ecumenical Temple
  3664 | D:4      | Reached skill level 9 in Stealth
  3664 | D:4      | Reached XP level 6. HP: 44/51 MP: 7/7
  3781 | D:4      | HP: 2/51 [gnoll shaman/cursed -2 club (8)]
  3802 | D:4      | HP: 2/51 [hound (5)]
  3806 | D:4      | Gained mutation: Potions are less effective at restoring
                  | your health. [potion of mutation]
  3806 | D:4      | Gained mutation: Your spells are a little harder to cast,
                  | but a little more powerful. [potion of mutation]
  3806 | D:4      | Gained mutation: You have a pair of small horns on your
                  | head. [potion of mutation]
  3806 | D:4      | Gained mutation: Your tail ends in a poisonous barb.
                  | [potion of mutation]
  3814 | D:4      | HP: 1/51 [hound (2)]
  3816 | D:4      | Slain by a hound

Levels and vault maps discovered:
D:1:      grunt_arrival_lava_bath, layout_basic
D:2:      layout_loops_cross
D:3:      layout_basic, old_standard_altar
D:4:      layout_loops_ring, minmay_temple_entry_junction
Temple:   nicolae_temple_elliptical

Skill      XL: |  1  2  3  4  5 |
---------------+----------------+-----
Stealth        | 2 4 5 7 9 |  9.4
Fighting       | |  1.0
Bows           | |  1.7
Dodging        | |  1.5
Spellcasting   | |  1.0
Hexes          | |  3.0

Action                   |  1- 3 |  4- 6 || total
-------------------------+-------+-------++-------
Melee: Spear             |    32 |    56 ||    88
 Fire: Shortbow          |    15 |    92 ||   107
 Abil: Spit Poison       |    36 |    43 ||    79
  Use: Potion            |       |     8 ||     8
 Stab: Sleeping          |     1 |     1 ||     2
  Eat: Chunk             |     3 |     9 ||    12
Armor: Robe              |    23 |    81 ||   104
Dodge: Dodged            |    25 |    90 ||   115

Table legend:
 A = Non-vault XP
 B = Vault XP
 C = Vault XP percentage of total XP
 D = Non-vault monster count
 E = Vault monster count
 F = Vault count percentage of total count
                 A         B        C        D         E       F
            +---------+---------+-------+---------+---------+-------
      Total |     395 |       0 |   0.0 |      72 |       0 |   0.0
            +---------+---------+-------+---------+---------+-------
        D:1 |      42 |       0 |   0.0 |      19 |       0 |   0.0
        D:2 |      93 |       0 |   0.0 |      25 |       0 |   0.0
        D:3 |      88 |       0 |   0.0 |      16 |       0 |   0.0
        D:4 |     172 |       0 |   0.0 |      12 |       0 |   0.0
            +---------+---------+-------+---------+---------+-------
